 Dungeon Crawl Stone Soup version 0.28-a0-1447-ga5a8893891 (webtiles) character file.

Game seed: 1973380065679238342

358 hashsling the Bolt Thrower (level 6, 0/35 HPs)
             Began as a Kobold Hunter on Jan 11, 2022.
             Slain by a gnoll (13 damage)
             ... on level 4 of the Dungeon.
             The game lasted 00:15:46 (3947 turns).

hashsling the Bolt Thrower (Kobold Hunter)          Turns: 3947, Time: 00:15:46

Health: 0/35       AC:  5    Str: 11    XL:     6   Next: 97%
Magic:  6/6        EV: 14    Int: 12    God:
Gold:   144        SH:  0    Dex: 16    Spells: 5/5 levels left

rFire   . . .      SeeInvis .   a - +2 hand crossbow
rCold   . . .      Faith    .   (no shield)
rNeg    . . .      Spirit   .   c - +0 leather armour
rPois   .          Reflect  .   (no helmet)
rElec   .          Harm     .   (no cloak)
rCorr   .          Rampage  .   j - +0 pair of gloves
Will    .....                   o - +0 pair of boots
Stlth   ++++......              (no amulet)
HPRegen 0.11/turn               (no ring)
MPRegen 0.10/turn               (no ring)

@: no status effects
A: small, no large weapons, nightstalker 3
a: no special abilities


You were on level 4 of the Dungeon.
You visited 1 branch of the dungeon, and saw 4 of its levels.

You collected 144 gold pieces.

Inventory:

Hand Weapons
 a - a +2 hand crossbow (weapon)
 b - a +0 short sword
Missiles
 d - 52 bolts (quivered ammo)
 e - 4 curare-tipped darts
 l - 21 poisoned darts
Armour
 c - a +0 leather armour (worn)
 j - a +0 pair of gloves (worn)
 o - a +0 pair of boots (worn)
Magical Staves
 g - a staff of death
 r - a staff of fire
Wands
 p - a wand of mindburst (1)
Scrolls
 m - a scroll of amnesia
Potions
 f - 2 potions of flight {unknown}
 h - 2 potions of curing {unknown}
 i - a potion of heal wounds {unknown}
 k - a potion of invisibility {unknown}
 n - 2 potions of might {unknown}


   Skills:
 - Level 2.1 Fighting
 * Level 7.8 Crossbows
 - Level 2.4 Dodging
 - Level 6.0 Stealth


You had 5 spell levels left.
You didn't know any spells.
Your spell library was empty.

Dungeon Overview and Level Annotations

Branches:
Dungeon (4/15)
 Temple: D:4-7

Altars:
The Shining One

Shops:
D:4 =


Innate Abilities, Weirdness & Mutations

You are small and have problems with some larger weapons.
You are completely attuned to the shadows.


Message History

The gnoll shaman is heavily wounded.
A gnoll comes into view. It is wielding a +0 spear.
You shoot a bolt. The bolt hits the gnoll shaman!
The gnoll shaman is almost dead.
The gnoll barely misses you.
A gnoll comes into view. It is wielding a +0 club.
You shoot a bolt. The gnoll shouts!
The bolt hits the gnoll shaman.
You kill the gnoll shaman!
You hear a shout!
The gnoll barely misses you.
You shoot a bolt. The bolt hits the gnoll!
The gnoll is heavily wounded.
The gnoll barely misses you.
The gnoll hits you from afar with a +0 spear.
The gnoll hits you from afar with a +0 halberd.
You shoot a bolt. The bolt barely misses the gnoll.
The bolt hits the gnoll.
The gnoll is heavily wounded.
The gnoll closely misses you.
The gnoll hits you but does no damage. x2
The gnoll barely misses you.
You shoot a bolt.
The bolt hits the gnoll but does no damage.
The gnoll barely misses you.
The gnoll hits you from afar with a +0 halberd!
Unknown command.
An ogre comes into view. It is wielding a +0 giant club.
As you read the scroll labelled OSMEBR MYPUI, it crumbles to dust.
It is a scroll of enchant weapon.
Your +1 hand crossbow glows red for a moment.
The gnoll hits you with a +0 club. The gnoll completely misses you.
The gnoll barely misses you.
Fire: 53 bolts
Press: ? - help, Q - select action, (/) - cycle Shift-Dir - straight line, f - gnoll, p - gnoll
Aim: a gnoll, wielding a +0 halberd (heavily wounded, 72% to hit)
You shoot a bolt. The bolt hits the gnoll!
The gnoll is severely wounded.
The gnoll hits you with a +0 club. The gnoll misses you.
The gnoll hits you from afar with a +0 halberd!
You die...

...(.?. ##....#
...((. ##....##
....(# .#
###....## .....#
...###....###
#....#
#...#....##
##...###.......##
....gg........##
....g.O.......##
#####@.........#
##.........##
#..........##
##..........#
#..........#
#####......#
##....## ######


You could see an ogre and 3 gnolls.

Vanquished Creatures
  A scorpion (D:4)
  A gnoll shaman (D:4)
  An orc priest (D:3)
  Natasha (thrice) (D:2)
  3 orc wizards (D:4)
  2 adders
  2 worms (D:2)
  5 orcs
  4 ball pythons
  8 endoplasms
  5 giant cockroaches
  9 goblins
  2 hobgoblins
  6 jackals
  5 kobolds
  2 bats
  3 frilled lizards
  A rat (D:2)
63 creatures vanquished.

Notes
Turn   | Place    | Note
-------+----------+-------------------------------------------
     0 | D:1      | hashsling the Kobold Hunter began the quest for the Orb.
     0 | D:1      | Reached XP level 1. HP: 12/12 MP: 1/1
   302 | D:1      | Reached skill level 5 in Crossbows
   302 | D:1      | Reached XP level 2. HP: 17/17 MP: 2/2
   690 | D:1      | Reached XP level 3. HP: 17/21 MP: 3/3
  1584 | D:2      | Noticed Natasha
  1609 | D:2      | Killed Natasha
  1610 | D:2      | Reached XP level 4. HP: 14/26 MP: 4/4
  2090 | D:2      | Noticed Natasha
  2092 | D:2      | Killed Natasha
  2093 | D:2      | Reached skill level 5 in Stealth
  2221 | D:2      | Noticed Natasha
  2231 | D:2      | Killed Natasha
  2232 | D:2      | Reached skill level 6 in Crossbows
  2232 | D:2      | Reached XP level 5. HP: 17/30 MP: 5/5
  2392 | D:3      | Found a faded altar of an unknown god.
  2593 | D:3      | Found a glowing golden altar of the Shining One.
  2911 | D:4      | Reached XP level 6. HP: 35/35 MP: 6/6
  2941 | D:4      | Reached skill level 7 in Crossbows
  3876 | D:4      | Found Mivoav's Jewellery Shoppe.
  3945 | D:4      | Noticed an ogre
  3947 | D:4      | Slain by a gnoll

Illustrated notes

Levels and vault maps discovered:
D:1:      dpeg_arrival_central, layout_basic, st_stairs_14
D:2:      layout_loops_cross, skrybe_limestone_x, minmay_misc_feat_rugged,
          kennysheep_generic_room_11, uniq_natasha
D:3:      layout_rooms, tso_oasis_becter, hellmonk_ecumenical_altar_arch_garden
D:4:      layout_cave_pods, serial_shops, shop, kennysheep_small_circle

Skill      XL: |  1  2  3  4  5  6 |
---------------+-------------------+-----
Stealth        | 2 3 4 5 6 |  6.0
Crossbows      | 5 6 7 |  7.8
Fighting       | |  2.1
Dodging        | |  2.4

Action                   |  1- 3 |  4- 6 || total
-------------------------+-------+-------++-------
Melee: Short sword       |    36 |    19 ||    55
 Fire: Hand crossbow     |    55 |    81 ||   136
  Use: Scroll            |     3 |     2 ||     5
Armor: Leather armour    |     6 |     9 ||    15
Dodge: Dodged            |    38 |    35 ||    73

Table legend: (Time is in decaauts)
 A = Elapsed time spent in this place.
 B = Non-inter-level travel time spent in this place.
 C = Inter-level travel time spent in this place.
 D = Time resting spent in this place.
 E = Time spent auto-exploring this place.
 F = Levels seen in this place.
 G = Mean time per level.
                   A        B        C        D        E       F      G
               +--------+--------+--------+--------+--------+-----+--------+
         Total |   3966 |   3874 |     92 |      0 |   3223 |   4 |  991.5 |
       Dungeon |   3966 |   3874 |     92 |      0 |   3223 |   4 |  991.5 |
               +--------+--------+--------+--------+--------+-----+--------+

Top non-repeatable levels by time:
     D:1: 1252 daAuts
     D:2: 1131 daAuts
     D:4: 1084 daAuts
     D:3: 498 daAuts
